[ AOE2 MATCH · #477906673 ]
Team RMSlavs vs Romans
[ REPLAY ANALYSIS · EXTRACTED FROM THE RECORDED GAME ]
Feudal
14:05
Castle
24:44
Imperial
38:43
| APM avg | 16.5 |
| APM peak | 36 |
| eAPM avg | 12.1 |
| Villagers / military | 113 / 300 |
Focus
⚔️ 37.1% · 🌾 62.9%
Spearman ×243 · Mangonel ×16 · Knight ×14 · Militia ×8 · Archer ×7 · Trebuchet (Packed) ×5
Feudal
11:39
Castle
22:50
Imperial
36:03
| APM avg | 16.7 |
| APM peak | 64 |
| eAPM avg | 9.7 |
| Villagers / military | 76 / 160 |
Focus
⚔️ 25.8% · 🌾 74.2%
Spearman ×92 · Hussite Wagon ×64 · Trebuchet (Packed) ×2 · Bombard Cannon ×2
Feudal
12:46
Castle
22:34
Imperial
32:14
| APM avg | 14.0 |
| APM peak | 40 |
| eAPM avg | 12.3 |
| Villagers / military | 150 / 201 |
Focus
⚔️ 27.4% · 🌾 72.6%
Cavalry Archer ×72 · Scout Cavalry ×48 · Camel Scout ×23 · Spearman ×23 · Kipchak ×11 · Mangonel ×10
Feudal
12:10
Castle
24:42
Imperial
40:10
| APM avg | 38.2 |
| APM peak | 78 |
| eAPM avg | 24.1 |
| Villagers / military | 125 / 148 |
Focus
⚔️ 24.1% · 🌾 75.9%
Scout Cavalry ×41 · Skirmisher ×39 · Janissary ×31 · Spearman ×22 · Militia ×5 · Battering Ram ×5
Feudal
12:03
Castle
16:34
Imperial
30:50
| APM avg | 34.4 |
| APM peak | 87 |
| eAPM avg | 17.9 |
| Villagers / military | 152 / 157 |
Focus
⚔️ 24.3% · 🌾 75.7%
Magyar Huszar ×120 · Cavalry Archer ×29 · Trebuchet (Packed) ×4 · Battering Ram ×3 · Monk ×1
Feudal
13:37
Castle
18:04
Imperial
29:43
| APM avg | 18.8 |
| APM peak | 73 |
| eAPM avg | 14.9 |
| Villagers / military | 111 / 231 |
Focus
⚔️ 25.2% · 🌾 74.8%
Spearman ×75 · Knight ×69 · Scorpion ×52 · Militia ×24 · Battering Ram ×6 · Trade Cart ×6
Match map
Resources at game start + every placement click. Thick line = wall · dashed box = detected house wall. 🟡 gold · ⚪ stone · 🟢 berries · 🔶 boar · ⭕ relic
Inputs per minute
— Lord Bendtner - - swdk
Build order — Lord Bendtner
First 150 of 287 actions detected
| 0:10 | Create | Villager (Male) ×4 |
| 0:12 | Build | House |
| 0:13 | Build | House |
| 1:32 | Research | Loom |
| 1:38 | Create | Villager (Male) |
| 3:04 | Create | Villager (Male) ×3 |
| 3:52 | Create | Villager (Male) ×2 |
| 4:19 | Build | Palisade Wall |
| 4:34 | Create | Villager (Male) |
| 5:13 | Build | Palisade Wall |
| 5:22 | Create | Villager (Male) |
| 5:48 | Build | House |
| 6:14 | Build | Palisade Wall |
| 6:19 | Create | Villager (Male) ×2 |
| 7:27 | Create | Villager (Male) ×2 |
| 7:29 | Create | Villager (Male) ×2 |
| 7:29 | Create | Villager (Male) ×3 |
| 7:30 | Create | Villager (Male) |
| 7:34 | Build | House |
| 7:42 | Build | House |
| 7:59 | Build | Lumber Camp |
| 8:24 | Create | Villager (Male) ×2 |
| 8:49 | Create | Villager (Male) |
| 8:59 | Create | Villager (Male) |
| 9:37 | Build | Mining Camp |
| 10:51 | Create | Villager (Male) |
| 11:13 | Build | Mill |
| 11:24 | Build | House |
| 11:25 | Build | House |
| 11:26 | Build | House |
| 11:55 | Research | Feudal Age |
| 12:30 | Build | Barracks |
| 13:46 | Create | Villager (Male) ×4 |
| 14:05 | Age | Feudal Age |
| 14:26 | Build | Stone Wall |
| 14:35 | Research | Man-at-Arms (upgrade) |
| 15:03 | Research | Double-Bit Axe |
| 15:21 | Create | Villager (Male) |
| 15:51 | Create | Villager (Male) ×5 |
| 15:57 | Build | Mining Camp |
| 16:16 | Build | Stable |
| 16:19 | Build | Blacksmith |
| 16:31 | Build | Farm |
| 16:53 | Create | Militia |
| 16:57 | Create | Militia ×2 |
| 17:03 | Build | Farm |
| 17:06 | Build | Farm |
| 17:33 | Build | Building 796 |
| 18:22 | Build | House |
| 18:54 | Research | Man-at-Arms (upgrade) |
| 19:04 | Create | Militia ×5 |
| 19:21 | Build | Archery Range |
| 19:25 | Build | House |
| 20:17 | Build | House |
| 20:41 | Create | Archer |
| 20:42 | Create | Archer |
| 20:47 | Build | Farm |
| 20:49 | Build | Farm |
| 20:50 | Build | Farm |
| 20:52 | Build | Farm |
| 20:53 | Build | Farm |
| 20:54 | Build | Farm |
| 20:56 | Build | Farm |
| 20:57 | Build | Farm |
| 21:00 | Build | House |
| 21:02 | Build | Farm |
| 21:08 | Build | Mill |
| 21:11 | Build | Farm |
| 21:13 | Build | Farm |
| 22:04 | Research | Castle Age |
| 22:07 | Build | Farm |
| 22:38 | Build | Stable |
| 22:40 | Build | Barracks |
| 22:50 | Research | Fletching |
| 22:59 | Create | Archer ×4 |
| 23:05 | Research | Horse Collar |
| 23:30 | Research | Bloodlines |
| 23:42 | Create | Villager (Male) ×5 |
| 23:46 | Research | Wheelbarrow |
| 24:44 | Age | Castle Age |
| 24:47 | Build | Siege Workshop |
| 24:49 | Create | Knight ×2 |
| 25:03 | Create | Villager (Male) ×5 |
| 25:08 | Build | Town Center |
| 25:23 | Create | Knight |
| 25:33 | Build | Mining Camp |
| 25:56 | Create | Archer |
| 26:04 | Create | Villager (Male) ×5 |
| 26:07 | Create | Villager (Male) ×4 |
| 26:47 | Build | Stone Wall |
| 26:51 | Build | Building 490 |
| 27:27 | Create | Battering Ram ×2 |
| 27:54 | Build | Stable |
| 27:55 | Create | Knight |
| 28:09 | Create | Villager (Male) ×5 |
| 28:10 | Create | Villager (Male) ×5 |
| 28:23 | Build | Town Center |
| 28:40 | Create | Mangonel |
| 28:40 | Create | Battering Ram |
| 29:06 | Create | Knight |
| 29:07 | Create | Knight |
| 29:23 | Create | Knight |
| 29:36 | Research | Gold Mining |
| 29:38 | Research | Bow Saw |
| 29:53 | Create | Knight |
| 29:53 | Create | Knight |
| 30:07 | Research | Forging |
| 30:09 | Research | Scale Barding Armor |
| 30:16 | Create | Villager (Male) ×5 |
| 30:53 | Create | Knight ×2 |
| 30:53 | Create | Knight ×2 |
| 30:54 | Create | Knight |
| 31:18 | Create | Battering Ram |
| 31:35 | Build | House |
| 31:36 | Build | House |
| 31:37 | Build | House |
| 31:40 | Build | Farm |
| 31:42 | Build | Farm |
| 31:42 | Build | Farm |
| 32:18 | Build | Castle |
| 32:32 | Build | Farm |
| 32:33 | Create | Villager (Male) ×5 |
| 32:34 | Create | Villager (Male) ×5 |
| 32:38 | Create | Villager (Male) ×4 |
| 33:09 | Build | Stone Wall |
| 33:16 | Build | Building 490 |
| 33:29 | Build | Farm |
| 33:31 | Build | Farm |
| 33:33 | Build | Farm |
| 33:37 | Build | Farm |
| 33:44 | Build | Farm |
| 33:48 | Research | Hand Cart |
| 34:07 | Build | University |
| 34:12 | Build | Town Center |
| 34:44 | Build | Farm |
| 34:45 | Research | Heavy Plow |
| 34:53 | Build | Farm |
| 34:54 | Build | Farm |
| 34:55 | Build | Farm |
| 35:18 | Build | Lumber Camp |
| 35:33 | Research | Imperial Age |
| 35:38 | Create | Villager (Male) |
| 35:56 | Build | Siege Workshop |
| 36:02 | Build | Siege Workshop |
| 36:09 | Create | Boyar ×3 |
| 36:23 | Create | Villager (Male) ×5 |
| 36:25 | Create | Villager (Male) ×2 |
| 36:48 | Create | Mangonel |
| 36:53 | Research | Gold Shaft Mining |
| 36:59 | Research | Stone Mining |
Build order — swdk
First 150 of 202 actions detected
| 0:22 | Build | House |
| 0:25 | Build | House |
| 0:32 | Create | Villager (Male) |
| 0:32 | Create | Villager (Male) |
| 0:33 | Create | Villager (Male) |
| 0:33 | Create | Villager (Male) |
| 0:33 | Create | Villager (Male) |
| 0:33 | Create | Villager (Male) |
| 1:37 | Create | Villager (Male) |
| 1:38 | Create | Villager (Male) |
| 2:25 | Create | Villager (Male) |
| 2:55 | Create | Villager (Male) |
| 3:24 | Create | Villager (Male) |
| 3:35 | Build | Lumber Camp |
| 4:10 | Create | Villager (Male) |
| 4:10 | Create | Villager (Male) |
| 4:39 | Build | House |
| 4:41 | Build | House |
| 5:05 | Build | Mill |
| 5:12 | Create | Villager (Male) |
| 5:15 | Create | Villager (Male) |
| 6:44 | Create | Villager (Male) |
| 7:42 | Create | Villager (Male) |
| 7:42 | Create | Villager (Male) |
| 7:43 | Create | Villager (Male) |
| 9:02 | Create | Villager (Male) |
| 9:15 | Build | House |
| 9:29 | Research | Feudal Age |
| 9:29 | Research | Feudal Age |
| 10:31 | Build | House |
| 10:34 | Build | House |
| 11:09 | Create | Villager (Male) |
| 11:09 | Create | Villager (Male) |
| 11:10 | Create | Villager (Male) |
| 11:10 | Create | Villager (Male) |
| 11:39 | Age | Feudal Age |
| 12:31 | Create | Villager (Male) |
| 12:31 | Create | Villager (Male) |
| 12:45 | Build | Mining Camp |
| 13:02 | Build | Farm |
| 13:04 | Build | Farm |
| 13:05 | Build | Farm |
| 13:08 | Build | Farm |
| 13:09 | Build | Farm |
| 13:35 | Build | Stone Wall |
| 13:38 | Build | Stone Wall |
| 14:03 | Research | Horse Collar |
| 14:07 | Research | Double-Bit Axe |
| 14:10 | Create | Villager (Male) |
| 14:10 | Create | Villager (Male) |
| 14:10 | Create | Villager (Male) |
| 14:11 | Create | Villager (Male) |
| 14:12 | Create | Villager (Male) |
| 14:12 | Create | Villager (Male) |
| 14:12 | Create | Villager (Male) |
| 14:15 | Create | Villager (Male) |
| 15:29 | Build | Market |
| 15:32 | Build | Blacksmith |
| 15:40 | Build | Farm |
| 15:56 | Build | Farm |
| 16:21 | Build | Farm |
| 16:47 | Build | Mining Camp |
| 16:57 | Build | Farm |
| 17:13 | Build | Lumber Camp |
| 17:19 | Build | Farm |
| 17:44 | Build | Farm |
| 17:55 | Create | Villager (Male) |
| 17:55 | Create | Villager (Male) |
| 20:00 | Build | Building 490 |
| 20:10 | Research | Castle Age |
| 20:22 | Build | House |
| 20:23 | Build | House |
| 20:27 | Build | House |
| 21:49 | Build | Farm |
| 21:50 | Build | Farm |
| 22:50 | Age | Castle Age |
| 22:52 | Build | Barracks |
| 22:56 | Create | Villager (Male) |
| 22:56 | Create | Villager (Male) |
| 22:56 | Create | Villager (Male) |
| 22:57 | Create | Villager (Male) |
| 23:29 | Build | Barracks |
| 23:30 | Build | Barracks |
| 23:31 | Build | Barracks |
| 24:03 | Build | Castle |
| 24:30 | Create | Villager (Male) |
| 24:30 | Create | Villager (Male) |
| 24:31 | Create | Villager (Male) |
| 24:31 | Create | Villager (Male) |
| 24:35 | Create | Villager (Male) |
| 25:33 | Create | Villager (Male) |
| 25:33 | Create | Villager (Male) |
| 25:35 | Create | Villager (Male) |
| 26:14 | Build | University |
| 26:41 | Build | Watch Tower |
| 27:09 | Build | Watch Tower |
| 27:27 | Build | Watch Tower |
| 27:38 | Build | Watch Tower |
| 27:43 | Create | Hussite Wagon |
| 27:43 | Create | Hussite Wagon |
| 27:43 | Create | Hussite Wagon |
| 27:44 | Create | Hussite Wagon |
| 27:44 | Create | Hussite Wagon |
| 27:44 | Create | Hussite Wagon |
| 27:44 | Create | Hussite Wagon |
| 27:45 | Create | Hussite Wagon |
| 27:58 | Create | Hussite Wagon |
| 28:16 | Build | Watch Tower |
| 28:55 | Build | Siege Workshop |
| 28:56 | Build | Siege Workshop |
| 29:04 | Research | Bow Saw |
| 29:08 | Create | Villager (Male) |
| 29:08 | Create | Villager (Male) |
| 29:09 | Create | Villager (Male) |
| 29:09 | Create | Villager (Male) |
| 29:09 | Create | Villager (Male) |
| 29:09 | Create | Villager (Male) |
| 29:17 | Create | Villager (Male) |
| 29:18 | Create | Villager (Male) |
| 30:28 | Build | Mining Camp |
| 30:57 | Build | Castle |
| 32:53 | Research | Imperial Age |
| 33:06 | Build | Town Center |
| 33:28 | Build | Mining Camp |
| 33:47 | Research | Pikeman (upgrade) |
| 33:57 | Create | Spearman ×5 |
| 33:57 | Create | Spearman ×5 |
| 33:58 | Create | Spearman ×5 |
| 33:58 | Create | Spearman ×5 |
| 35:10 | Create | Villager (Male) |
| 35:11 | Create | Villager (Male) |
| 35:11 | Create | Villager (Male) |
| 35:11 | Create | Villager (Male) |
| 35:11 | Create | Villager (Male) |
| 35:12 | Create | Villager (Male) |
| 35:12 | Create | Villager (Male) |
| 35:12 | Create | Villager (Male) |
| 35:13 | Create | Villager (Male) |
| 35:13 | Create | Villager (Male) |
| 35:13 | Create | Villager (Male) |
| 35:13 | Create | Villager (Male) |
| 35:15 | Create | Villager (Male) |
| 35:15 | Create | Villager (Male) |
| 35:15 | Create | Villager (Male) |
| 35:28 | Research | Chemistry |
| 36:03 | Age | Imperial Age |
| 36:14 | Create | Trebuchet (Packed) |
| 36:18 | Create | Trebuchet (Packed) |
| 37:11 | Build | Castle |
| 37:43 | Create | Hussite Wagon ×2 |
Build order — thenewt7
First 150 of 355 actions detected
| 0:09 | Create | Villager (Male) |
| 0:25 | Build | Palisade Wall |
| 0:46 | Research | Loom |
| 0:46 | Create | Villager (Male) |
| 0:47 | Create | Villager (Male) ×2 |
| 1:33 | Build | House |
| 2:35 | Build | House |
| 3:01 | Build | Lumber Camp |
| 3:48 | Create | Villager (Male) |
| 4:39 | Build | Palisade Wall |
| 4:44 | Create | Villager (Male) |
| 5:26 | Build | Mill |
| 5:32 | Create | Villager (Male) |
| 6:05 | Create | Villager (Male) |
| 6:20 | Create | Villager (Male) |
| 6:52 | Build | House |
| 6:58 | Create | Villager (Male) |
| 6:59 | Create | Villager (Male) |
| 7:28 | Create | Villager (Male) |
| 7:39 | Create | Villager (Male) |
| 8:05 | Create | Villager (Male) |
| 8:06 | Create | Villager (Male) |
| 8:23 | Create | Villager (Male) |
| 9:09 | Create | Villager (Male) |
| 9:16 | Build | House |
| 9:17 | Build | House |
| 10:11 | Build | Palisade Wall |
| 10:36 | Research | Feudal Age |
| 11:16 | Create | Villager (Male) |
| 11:17 | Create | Villager (Male) |
| 11:17 | Create | Villager (Male) |
| 12:46 | Age | Feudal Age |
| 12:54 | Create | Villager (Male) |
| 12:54 | Create | Villager (Male) |
| 12:54 | Create | Villager (Male) |
| 12:55 | Create | Villager (Male) |
| 13:30 | Build | Town Center |
| 13:51 | Research | Double-Bit Axe |
| 14:04 | Create | Villager (Male) |
| 14:05 | Create | Villager (Male) |
| 14:05 | Create | Villager (Male) |
| 14:12 | Research | Horse Collar |
| 14:47 | Build | House |
| 14:49 | Build | House |
| 14:50 | Build | House |
| 14:56 | Build | Palisade Wall |
| 15:04 | Build | Farm |
| 15:11 | Create | Villager (Male) |
| 15:11 | Create | Villager (Male) |
| 15:12 | Create | Villager (Male) |
| 15:23 | Build | Farm |
| 15:43 | Build | Palisade Wall |
| 15:53 | Build | Farm |
| 16:04 | Create | Villager (Male) |
| 16:16 | Build | Market |
| 16:30 | Create | Villager (Male) |
| 16:40 | Build | Blacksmith |
| 16:57 | Create | Villager (Male) |
| 16:57 | Create | Villager (Male) |
| 16:57 | Create | Villager (Male) |
| 17:01 | Create | Villager (Male) |
| 17:01 | Create | Villager (Male) |
| 17:01 | Create | Villager (Male) |
| 17:09 | Build | Mining Camp |
| 17:27 | Build | Farm |
| 17:34 | Build | Farm |
| 17:52 | Build | Farm |
| 18:03 | Build | House |
| 18:04 | Build | House |
| 18:05 | Build | House |
| 18:18 | Build | Farm |
| 18:24 | Create | Villager (Male) |
| 18:24 | Create | Villager (Male) |
| 18:24 | Create | Villager (Male) |
| 18:25 | Create | Villager (Male) |
| 18:35 | Build | Farm |
| 18:36 | Build | Farm |
| 18:38 | Build | Farm |
| 18:46 | Build | Farm |
| 18:55 | Build | Farm |
| 19:11 | Build | Farm |
| 19:23 | Build | Palisade Wall |
| 19:54 | Research | Castle Age |
| 20:00 | Build | Farm |
| 20:24 | Build | Palisade Wall |
| 20:33 | Build | Mining Camp |
| 20:43 | Create | Villager (Male) |
| 20:43 | Create | Villager (Male) |
| 20:43 | Create | Villager (Male) |
| 20:43 | Create | Villager (Male) |
| 20:50 | Build | House |
| 20:56 | Build | House |
| 20:56 | Build | House |
| 20:59 | Build | House |
| 21:02 | Build | House |
| 21:11 | Build | House |
| 21:37 | Research | Fletching |
| 21:46 | Build | House |
| 22:16 | Create | Villager (Male) |
| 22:25 | Create | Villager (Male) |
| 22:26 | Create | Villager (Male) |
| 22:26 | Create | Villager (Male) |
| 22:26 | Create | Villager (Male) |
| 22:26 | Create | Villager (Male) |
| 22:32 | Build | Farm |
| 22:34 | Build | Farm |
| 22:34 | Age | Castle Age |
| 22:35 | Build | Farm |
| 22:54 | Build | Castle |
| 23:08 | Build | Monastery |
| 23:13 | Create | Villager (Male) |
| 23:14 | Create | Villager (Male) |
| 23:14 | Create | Villager (Male) |
| 23:56 | Build | Farm |
| 24:00 | Create | Villager (Male) |
| 24:01 | Create | Villager (Male) |
| 24:01 | Create | Villager (Male) |
| 24:24 | Create | Monk |
| 24:31 | Build | University |
| 24:42 | Create | Villager (Male) |
| 24:42 | Create | Villager (Male) |
| 24:42 | Create | Villager (Male) |
| 24:43 | Create | Villager (Male) |
| 24:59 | Build | Town Center |
| 25:16 | Research | Bodkin Arrow |
| 25:32 | Build | Farm |
| 25:37 | Create | Villager (Male) |
| 25:37 | Create | Villager (Male) |
| 25:37 | Create | Villager (Male) |
| 25:38 | Create | Villager (Male) |
| 25:45 | Create | Villager (Male) |
| 26:09 | Build | Farm |
| 26:14 | Create | Villager (Male) |
| 26:14 | Create | Villager (Male) |
| 26:14 | Create | Villager (Male) |
| 26:18 | Build | Farm |
| 26:47 | Build | Farm |
| 26:51 | Create | Villager (Male) ×5 |
| 27:07 | Build | Mining Camp |
| 27:15 | Build | Farm |
| 27:19 | Create | Villager (Male) |
| 27:20 | Create | Villager (Male) |
| 27:20 | Create | Villager (Male) |
| 27:20 | Create | Villager (Male) |
| 27:42 | Build | Castle |
| 27:49 | Build | House |
| 27:56 | Create | Villager (Male) |
| 27:56 | Create | Villager (Male) |
| 27:57 | Create | Villager (Male) |
| 27:57 | Create | Villager (Male) |
Build order — 1940467424
First 150 of 458 actions detected
| 0:05 | Build | House |
| 0:07 | Build | House |
| 0:11 | Create | Villager (Male) ×4 |
| 0:11 | Create | Villager (Male) |
| 0:11 | Create | Villager (Male) |
| 1:24 | Build | Palisade Wall |
| 1:58 | Build | Palisade Wall |
| 3:03 | Build | Palisade Wall |
| 3:13 | Create | Villager (Male) |
| 3:13 | Create | Villager (Male) |
| 3:14 | Create | Villager (Male) |
| 3:14 | Create | Villager (Male) |
| 3:14 | Create | Villager (Male) |
| 3:18 | Create | Villager (Male) |
| 3:18 | Create | Villager (Male) |
| 3:18 | Create | Villager (Male) |
| 3:48 | Create | Villager (Male) |
| 4:04 | Build | House |
| 5:08 | Create | Villager (Male) |
| 5:08 | Create | Villager (Male) |
| 5:09 | Create | Villager (Male) |
| 6:25 | Build | Palisade Wall |
| 6:34 | Create | Villager (Male) |
| 6:34 | Create | Villager (Male) |
| 6:35 | Create | Villager (Male) |
| 6:36 | Create | Villager (Male) |
| 6:36 | Create | Villager (Male) |
| 7:52 | Build | Mill |
| 9:01 | Create | Villager (Male) |
| 9:01 | Create | Villager (Male) |
| 9:01 | Create | Villager (Male) |
| 9:01 | Create | Villager (Male) |
| 9:13 | Build | Lumber Camp |
| 10:00 | Research | Feudal Age |
| 10:00 | Research | Feudal Age |
| 10:20 | Create | Villager (Male) |
| 10:20 | Create | Villager (Male) |
| 10:20 | Create | Villager (Male) |
| 10:20 | Create | Villager (Male) |
| 10:29 | Build | Lumber Camp |
| 10:41 | Build | Mining Camp |
| 10:50 | Create | Villager (Male) |
| 10:50 | Create | Villager (Male) |
| 10:51 | Create | Villager (Male) |
| 11:36 | Build | Farm |
| 12:05 | Build | House |
| 12:07 | Build | House |
| 12:09 | Build | House |
| 12:10 | Age | Feudal Age |
| 12:14 | Create | Villager (Male) |
| 12:14 | Create | Villager (Male) |
| 12:26 | Research | Horse Collar |
| 12:26 | Research | Horse Collar |
| 12:26 | Research | Horse Collar |
| 12:28 | Research | Double-Bit Axe |
| 12:29 | Research | Double-Bit Axe |
| 13:04 | Build | Farm |
| 13:08 | Create | Villager (Male) |
| 13:08 | Create | Villager (Male) |
| 13:45 | Create | Villager (Male) |
| 13:46 | Create | Villager (Male) |
| 13:54 | Build | Farm |
| 14:02 | Create | Villager (Male) |
| 14:02 | Create | Villager (Male) |
| 14:16 | Build | Market |
| 14:42 | Build | Blacksmith |
| 14:46 | Build | Farm |
| 15:02 | Create | Villager (Male) |
| 15:03 | Create | Villager (Male) |
| 15:08 | Build | Farm |
| 15:33 | Build | Farm |
| 15:58 | Build | Farm |
| 16:02 | Create | Villager (Male) |
| 16:02 | Create | Villager (Male) |
| 16:15 | Build | Barracks |
| 16:22 | Build | Farm |
| 16:48 | Build | Farm |
| 16:51 | Create | Villager (Male) |
| 17:14 | Build | Farm |
| 17:21 | Build | House |
| 17:22 | Build | House |
| 17:23 | Build | House |
| 17:23 | Build | House |
| 17:23 | Build | House |
| 17:23 | Build | House |
| 17:27 | Build | House |
| 17:28 | Build | House |
| 17:44 | Build | Farm |
| 17:47 | Build | Farm |
| 17:51 | Create | Spearman |
| 17:51 | Create | Spearman |
| 17:51 | Create | Spearman |
| 18:01 | Build | Farm |
| 18:08 | Build | Farm |
| 18:24 | Create | Spearman |
| 18:24 | Create | Spearman |
| 18:24 | Create | Spearman |
| 18:51 | Create | Spearman |
| 18:51 | Create | Spearman |
| 18:56 | Create | Villager (Male) |
| 18:56 | Create | Villager (Male) |
| 18:57 | Create | Villager (Male) |
| 19:14 | Create | Spearman |
| 19:15 | Create | Spearman |
| 19:34 | Create | Villager (Male) |
| 19:34 | Create | Villager (Male) |
| 20:11 | Build | Farm |
| 20:14 | Create | Villager (Male) |
| 20:14 | Create | Villager (Male) |
| 20:25 | Build | Farm |
| 20:50 | Build | Farm |
| 21:03 | Build | House |
| 21:05 | Build | House |
| 21:06 | Build | House |
| 21:07 | Build | House |
| 21:15 | Build | Farm |
| 21:29 | Create | Spearman |
| 21:29 | Create | Spearman |
| 21:29 | Create | Spearman |
| 21:49 | Build | Farm |
| 21:56 | Build | Farm |
| 22:03 | Research | Castle Age |
| 22:10 | Create | Spearman |
| 22:10 | Create | Spearman |
| 22:22 | Create | Spearman |
| 22:23 | Create | Spearman |
| 22:39 | Build | Watch Tower |
| 22:51 | Create | Spearman |
| 22:51 | Create | Spearman |
| 22:56 | Create | Militia |
| 22:56 | Create | Militia |
| 23:09 | Build | Archery Range |
| 23:29 | Create | Villager (Male) |
| 24:02 | Create | Skirmisher |
| 24:03 | Create | Skirmisher |
| 24:03 | Create | Skirmisher |
| 24:06 | Create | Skirmisher |
| 24:06 | Create | Skirmisher |
| 24:17 | Create | Skirmisher |
| 24:18 | Create | Skirmisher |
| 24:24 | Create | Militia |
| 24:24 | Create | Militia |
| 24:35 | Create | Skirmisher |
| 24:35 | Create | Skirmisher |
| 24:42 | Age | Castle Age |
| 24:48 | Build | Stable |
| 24:50 | Create | Skirmisher |
| 24:50 | Create | Skirmisher |
| 24:52 | Create | Militia |
| 24:53 | Create | Spearman |
Build order — Dunic
First 150 of 407 actions detected
| 0:01 | Create | Villager (Male) |
| 0:04 | Build | House |
| 0:05 | Build | House |
| 0:09 | Create | Villager (Male) |
| 0:09 | Create | Villager (Male) |
| 0:09 | Create | Villager (Male) |
| 0:15 | Research | Loom |
| 0:15 | Create | Villager (Male) |
| 0:41 | Create | Villager (Male) |
| 0:41 | Create | Villager (Male) |
| 0:41 | Create | Villager (Male) |
| 1:22 | Build | Palisade Wall |
| 1:48 | Create | Villager (Male) |
| 1:49 | Create | Villager (Male) |
| 2:06 | Build | House |
| 2:27 | Build | House |
| 2:38 | Create | Villager (Male) |
| 3:20 | Build | House |
| 3:24 | Create | Villager (Male) |
| 3:45 | Create | Villager (Male) |
| 3:45 | Create | Villager (Male) |
| 4:47 | Create | Villager (Male) |
| 4:47 | Create | Villager (Male) |
| 5:28 | Create | Villager (Male) |
| 5:40 | Build | Lumber Camp |
| 5:47 | Create | Villager (Male) |
| 6:25 | Create | Villager (Male) |
| 6:49 | Create | Villager (Male) |
| 6:59 | Create | Villager (Male) |
| 7:20 | Create | Villager (Male) |
| 7:30 | Build | Palisade Wall |
| 8:05 | Create | Villager (Male) |
| 8:24 | Build | Mill |
| 8:30 | Build | House |
| 8:31 | Build | House |
| 8:33 | Build | House |
| 8:34 | Build | House |
| 8:38 | Create | Villager (Male) |
| 8:56 | Create | Villager (Male) |
| 8:57 | Create | Villager (Male) |
| 9:52 | Research | Feudal Age |
| 10:01 | Build | Mining Camp |
| 10:17 | Create | Villager (Male) |
| 12:03 | Age | Feudal Age |
| 12:08 | Research | Double-Bit Axe |
| 12:15 | Build | Stone Wall |
| 12:33 | Build | Market |
| 12:37 | Create | Villager (Male) |
| 12:54 | Build | Blacksmith |
| 12:58 | Create | Villager (Male) |
| 13:29 | Create | Villager (Male) |
| 13:39 | Research | Castle Age |
| 13:44 | Build | Mining Camp |
| 14:01 | Build | Stone Wall |
| 14:02 | Build | Stone Wall |
| 14:06 | Build | Stone Wall |
| 14:39 | Research | Wheelbarrow |
| 14:41 | Research | Gold Mining |
| 15:42 | Build | Farm |
| 15:42 | Build | Farm |
| 15:42 | Build | Farm |
| 15:47 | Research | Horse Collar |
| 15:52 | Build | Farm |
| 15:53 | Build | Farm |
| 16:34 | Age | Castle Age |
| 16:38 | Build | Town Center |
| 16:46 | Research | Bow Saw |
| 17:43 | Build | Town Center |
| 17:50 | Create | Villager (Male) |
| 17:59 | Build | Farm |
| 18:03 | Create | Villager (Male) |
| 18:11 | Build | Palisade Wall |
| 18:15 | Build | Building 796 |
| 18:23 | Create | Villager (Male) |
| 18:25 | Build | Farm |
| 18:45 | Create | Villager (Male) |
| 18:46 | Create | Villager (Male) |
| 18:53 | Build | Farm |
| 18:54 | Build | Farm |
| 19:00 | Build | Farm |
| 19:02 | Create | Villager (Male) |
| 19:07 | Build | Farm |
| 19:20 | Build | Farm |
| 19:31 | Build | House |
| 19:33 | Build | House |
| 19:33 | Build | House |
| 19:41 | Create | Villager (Male) |
| 19:42 | Create | Villager (Male) |
| 19:47 | Build | Farm |
| 20:01 | Create | Villager (Male) |
| 20:05 | Create | Villager (Male) |
| 20:06 | Create | Villager (Male) |
| 20:10 | Build | Farm |
| 20:25 | Build | Monastery |
| 20:29 | Create | Villager (Male) |
| 20:30 | Create | Villager (Male) |
| 20:38 | Build | Farm |
| 20:39 | Create | Villager (Male) |
| 20:49 | Build | Farm |
| 20:49 | Build | Farm |
| 20:49 | Build | Farm |
| 20:53 | Create | Villager (Male) |
| 20:57 | Create | Villager (Male) |
| 20:57 | Create | Villager (Male) |
| 21:10 | Build | House |
| 21:11 | Build | House |
| 21:12 | Build | House |
| 21:13 | Build | House |
| 21:17 | Create | Villager (Male) |
| 21:18 | Create | Villager (Male) |
| 21:21 | Create | Monk |
| 21:24 | Create | Villager (Male) |
| 21:27 | Build | Farm |
| 21:28 | Build | Farm |
| 21:32 | Build | Farm |
| 21:36 | Build | Farm |
| 21:39 | Create | Villager (Male) |
| 21:42 | Create | Villager (Male) |
| 21:50 | Create | Villager (Male) |
| 21:57 | Build | Farm |
| 22:02 | Build | Farm |
| 22:06 | Build | Farm |
| 22:11 | Build | Farm |
| 22:13 | Create | Villager (Male) |
| 22:14 | Create | Villager (Male) |
| 22:15 | Create | Villager (Male) |
| 22:24 | Create | Villager (Male) |
| 22:26 | Create | Villager (Male) |
| 22:32 | Create | Villager (Male) |
| 22:47 | Build | Town Center |
| 22:59 | Create | Villager (Male) |
| 22:59 | Create | Villager (Male) |
| 23:01 | Create | Villager (Male) |
| 23:13 | Build | Farm |
| 23:17 | Build | Farm |
| 23:17 | Build | Farm |
| 23:21 | Create | Villager (Male) |
| 23:22 | Create | Villager (Male) |
| 23:23 | Create | Villager (Male) |
| 23:26 | Build | Farm |
| 23:27 | Build | Farm |
| 23:30 | Build | Farm |
| 23:35 | Build | Farm |
| 23:37 | Build | Farm |
| 23:41 | Create | Villager (Male) |
| 23:42 | Create | Villager (Male) |
| 23:43 | Create | Villager (Male) |
| 23:46 | Research | Stone Mining |
| 23:59 | Build | Mining Camp |
| 24:05 | Create | Villager (Male) |
Build order — Extremeborg
First 150 of 328 actions detected
| 0:01 | Create | Villager (Male) |
| 0:01 | Create | Villager (Male) |
| 0:02 | Build | House |
| 0:04 | Build | House |
| 0:04 | Create | Villager (Male) |
| 0:18 | Create | Villager (Male) |
| 1:49 | Build | House |
| 1:52 | Create | Villager (Male) |
| 2:11 | Research | Loom |
| 2:34 | Create | Villager (Male) |
| 2:35 | Create | Villager (Male) |
| 2:50 | Create | Villager (Male) |
| 3:15 | Create | Villager (Male) |
| 3:46 | Build | Lumber Camp |
| 3:53 | Create | Villager (Male) |
| 4:05 | Create | Villager (Male) |
| 4:34 | Create | Villager (Male) |
| 5:02 | Create | Villager (Male) |
| 5:19 | Create | Villager (Male) |
| 5:32 | Create | Villager (Male) |
| 5:44 | Create | Villager (Male) |
| 5:47 | Build | Mill |
| 6:08 | Build | House |
| 7:10 | Create | Villager (Male) |
| 7:38 | Create | Villager (Male) |
| 7:53 | Create | Villager (Male) |
| 7:56 | Create | Villager (Male) |
| 8:29 | Create | Villager (Male) |
| 8:29 | Create | Villager (Male) |
| 8:29 | Create | Villager (Male) |
| 8:30 | Create | Villager (Male) |
| 8:40 | Build | House |
| 9:10 | Build | Mining Camp |
| 9:27 | Create | Villager (Male) |
| 9:28 | Create | Villager (Male) |
| 9:41 | Build | Palisade Wall |
| 9:55 | Build | Mining Camp |
| 10:33 | Research | Feudal Age |
| 13:37 | Age | Feudal Age |
| 13:59 | Build | Blacksmith |
| 14:01 | Build | Market |
| 15:24 | Research | Castle Age |
| 15:58 | Research | Horse Collar |
| 16:51 | Research | Double-Bit Axe |
| 17:02 | Build | Farm |
| 17:03 | Build | Farm |
| 17:04 | Build | Farm |
| 17:05 | Build | Farm |
| 17:06 | Build | Farm |
| 17:08 | Build | Farm |
| 17:09 | Build | Farm |
| 17:15 | Research | Wheelbarrow |
| 18:04 | Age | Castle Age |
| 18:08 | Build | Castle |
| 18:15 | Build | Town Center |
| 18:21 | Build | Town Center |
| 18:31 | Build | Farm |
| 18:33 | Build | Farm |
| 19:17 | Create | Villager (Male) |
| 19:18 | Create | Villager (Male) |
| 19:30 | Research | Gold Mining |
| 19:34 | Create | Villager (Male) |
| 19:36 | Create | Villager (Male) |
| 19:39 | Create | Villager (Male) |
| 19:40 | Create | Villager (Male) |
| 19:58 | Create | Villager (Male) |
| 20:02 | Create | Villager (Male) |
| 20:26 | Create | Villager (Male) |
| 20:26 | Create | Villager (Male) |
| 20:30 | Create | Villager (Male) |
| 20:31 | Create | Villager (Male) |
| 20:37 | Create | Villager (Male) |
| 20:44 | Build | Farm |
| 21:11 | Build | Farm |
| 21:12 | Create | Villager (Male) |
| 21:14 | Create | Villager (Male) |
| 21:14 | Create | Villager (Male) |
| 21:20 | Create | Villager (Male) |
| 21:41 | Create | Villager (Male) |
| 21:47 | Create | Villager (Male) |
| 21:48 | Create | Villager (Male) |
| 21:49 | Create | Villager (Male) |
| 21:54 | Create | Villager (Male) |
| 21:55 | Create | Villager (Male) |
| 22:01 | Build | Monastery |
| 22:09 | Create | Villager (Male) |
| 22:11 | Create | Villager (Male) |
| 22:38 | Create | Villager (Male) |
| 22:40 | Create | Villager (Male) |
| 22:41 | Create | Villager (Male) |
| 22:46 | Build | Farm |
| 22:48 | Create | Monk |
| 22:58 | Build | Farm |
| 22:59 | Build | Farm |
| 23:00 | Build | Farm |
| 23:01 | Build | Farm |
| 23:02 | Build | Farm |
| 23:05 | Create | Villager (Male) |
| 23:06 | Create | Villager (Male) |
| 23:12 | Build | Farm |
| 24:03 | Build | House |
| 24:04 | Build | House |
| 24:05 | Build | House |
| 24:06 | Build | House |
| 24:08 | Build | House |
| 24:10 | Create | Villager (Male) |
| 24:10 | Create | Villager (Male) |
| 24:11 | Create | Villager (Male) |
| 24:12 | Create | Villager (Male) |
| 24:13 | Create | Villager (Male) |
| 24:13 | Create | Villager (Male) |
| 24:20 | Build | Farm |
| 24:21 | Build | Farm |
| 24:24 | Build | Farm |
| 24:25 | Build | Farm |
| 24:26 | Build | Farm |
| 24:28 | Build | Farm |
| 24:30 | Build | Farm |
| 24:31 | Build | Farm |
| 24:33 | Build | Farm |
| 24:38 | Create | Villager (Male) |
| 24:41 | Create | Villager (Male) |
| 24:44 | Create | Villager (Male) |
| 25:12 | Build | Siege Workshop |
| 25:13 | Build | Siege Workshop |
| 25:22 | Create | Villager (Male) |
| 25:24 | Create | Villager (Male) |
| 25:26 | Create | Villager (Male) |
| 25:27 | Create | Villager (Male) |
| 25:28 | Create | Villager (Male) |
| 25:41 | Build | Farm |
| 25:42 | Build | Farm |
| 25:45 | Build | Farm |
| 26:04 | Build | House |
| 26:05 | Build | House |
| 26:06 | Build | House |
| 26:08 | Build | House |
| 26:12 | Build | House |
| 26:15 | Build | House |
| 26:17 | Build | House |
| 26:19 | Build | House |
| 26:20 | Build | House |
| 26:21 | Build | House |
| 26:22 | Build | House |
| 26:23 | Build | House |
| 26:33 | Research | Imperial Age |
| 26:35 | Create | Villager (Male) |
| 26:36 | Create | Villager (Male) |
| 26:44 | Create | Villager (Male) |
| 26:45 | Create | Villager (Male) |
Match timeline
| 0:25 | thenewt7 · wall_segment Palisade Wall x13 |
| 1:22 | Dunic · wall_segment Palisade Wall x8 |
| 1:24 | 1940467424 · wall_segment Palisade Wall x7 |
| 1:58 | 1940467424 · wall_segment Palisade Wall x9 |
| 3:03 | 1940467424 · wall_segment Palisade Wall x6 |
| 4:19 | Lord Bendtner · wall_segment Palisade Wall x8 |
| 4:39 | thenewt7 · wall_segment Palisade Wall x1 |
| 5:13 | Lord Bendtner · wall_segment Palisade Wall x13 |
| 6:14 | Lord Bendtner · wall_segment Palisade Wall x8 |
| 6:25 | 1940467424 · wall_segment Palisade Wall x6 |
| 7:30 | Dunic · wall_segment Palisade Wall x7 |
| 9:41 | Extremeborg · wall_segment Palisade Wall x16 |
| 10:11 | thenewt7 · wall_segment Palisade Wall x1 |
| 11:39 | swdk · age_up feudal |
| 12:03 | Dunic · age_up feudal |
| 12:10 | 1940467424 · age_up feudal |
| 12:15 | Dunic · wall_segment Stone Wall x8 |
| 12:30 | Lord Bendtner · first_building Barracks |
| 12:46 | thenewt7 · age_up feudal |
| 13:35 | swdk · wall_segment Stone Wall x10 |
| 13:37 | Extremeborg · age_up feudal |
| 13:38 | swdk · wall_segment Stone Wall x8 |
| 14:01 | Dunic · wall_segment Stone Wall x1 |
| 14:02 | Dunic · wall_segment Stone Wall x1 |
| 14:05 | Lord Bendtner · age_up feudal |
| 14:06 | Dunic · wall_segment Stone Wall x8 |
| 14:26 | Lord Bendtner · wall_segment Stone Wall x11 |
| 14:56 | thenewt7 · wall_segment Palisade Wall x1 |
| 15:43 | thenewt7 · wall_segment Palisade Wall x1 |
| 16:15 | 1940467424 · first_building Barracks |
| 16:16 | Lord Bendtner · first_building Stable |
| 16:34 | Dunic · age_up castle |
| 18:04 | Extremeborg · age_up castle |
| 18:08 | Extremeborg · first_building Castle |
| 18:11 | Dunic · wall_segment Palisade Wall x9 |
| 19:21 | Lord Bendtner · first_building Archery Range |
| 19:23 | thenewt7 · wall_segment Palisade Wall x11 |
| 19:45 | thenewt7 · first_market_buy 100 food |
| 19:48 | thenewt7 · first_market_sell 100 wood |
| 20:24 | thenewt7 · wall_segment Palisade Wall x1 |
| 20:25 | Dunic · first_building Monastery |
| 21:43 | Extremeborg · first_market_buy 100 food |
| 22:01 | Extremeborg · first_building Monastery |
| 22:34 | thenewt7 · age_up castle |
| 22:50 | swdk · age_up castle |
| 22:52 | swdk · first_building Barracks |
| 22:54 | thenewt7 · first_building Castle |
| 23:08 | thenewt7 · first_building Monastery |
| 23:09 | 1940467424 · first_building Archery Range |
| 24:03 | swdk · first_building Castle |
| 24:42 | 1940467424 · age_up castle |
| 24:44 | Lord Bendtner · age_up castle |
| 24:47 | Lord Bendtner · first_building Siege Workshop |
| 24:48 | 1940467424 · first_building Stable |
| 25:12 | Extremeborg · first_building Siege Workshop |
| 25:14 | 1940467424 · first_building Siege Workshop |
| 26:47 | Lord Bendtner · wall_segment Stone Wall x15 |
| 27:45 | Dunic · first_building Castle |
| 28:00 | Dunic · first_building Barracks |
| 28:55 | swdk · first_building Siege Workshop |
| 29:15 | Dunic · first_building Archery Range |
| 29:19 | Extremeborg · first_building Barracks |
| 29:32 | Dunic · first_building Stable |
| 29:43 | Extremeborg · age_up imperial |
| 30:23 | thenewt7 · first_building Barracks |
| 30:50 | Dunic · age_up imperial |
| 30:58 | thenewt7 · first_building Archery Range |
| 31:04 | thenewt7 · first_building Stable |
| 32:14 | thenewt7 · age_up imperial |
| 32:18 | Lord Bendtner · first_building Castle |
| 33:01 | Dunic · first_market_sell 500 wood |
| 33:09 | Lord Bendtner · wall_segment Stone Wall x9 |
| 35:07 | 1940467424 · first_building Castle |
| 35:49 | Extremeborg · first_building Stable |
| 35:55 | 1940467424 · first_market_sell 100 wood |
| 36:03 | swdk · age_up imperial |
| 36:05 | Dunic · first_building Siege Workshop |
| 38:15 | Dunic · wall_segment Stone Wall x11 |
| 38:27 | Dunic · wall_segment Stone Wall x7 |
| 38:43 | Lord Bendtner · age_up imperial |
| 39:46 | thenewt7 · first_building Siege Workshop |
| 40:10 | 1940467424 · age_up imperial |
| 46:29 | swdk · wall_segment Stone Wall x11 |
| 47:10 | Dunic · wall_segment Stone Wall x16 |
| 49:10 | Extremeborg · first_market_sell 100 wood |
| 50:59 | swdk · tribute_sent a jugador 1 |
| 50:59 | swdk · tribute_sent a jugador 3 |
| 50:59 | swdk · tribute_sent a jugador 4 |
| 50:59 | swdk · tribute_sent a jugador 5 |
| 50:59 | swdk · tribute_sent a jugador 6 |
| 51:21 | Extremeborg · resign |
[ AI ANALYSIS · 1 CREDIT ]
What really happened in this match?
Wolo.gg analyzes every decision: build order, eco, micro, common mistakes by bracket. Personalized analysis on WhatsApp or Discord in 30 seconds.
Civ guide
Slavs
Map guide
Black Forest
Perfil
Lord Bendtner